 Dungeon Sprint DCSS version 0.30-a0-311-gf115ab0292 (webtiles) character file.

Game seed: 8769576249804987057

13 rocky1 the Ruffian (level 2, -3/23 HPs)
             Began as a Draconian Transmuter on Oct 26, 2022.
             Slain by a howler monkey (4 damage)
             ... in the Dungeon (Sprint IX: "|||||||||||||||||||||||||||||").
             The game lasted 00:00:14 (85 turns).

rocky1 the Ruffian (Draconian Transmuter)             Turns: 85, Time: 00:00:15

Health: -3/23      AC:  4    Str: 12    XL:     2   Next: 24%
Magic:  3/5        EV: 12    Int: 13    God:
Gold:   0          SH:  0    Dex: 11    Spells: 5/6 levels left

rFire   . . .      SeeInvis .      - Unarmed
rCold   . . .      Faith    .    (no shield)
rNeg    . . .      Spirit   .    (body armour unavailable)
rPois   .          Reflect  .    (helmet currently unavailable)
rElec   .          Harm     .    (no cloak)
rCorr   .          Rampage  .    (no gloves)
Will    .....      NoTele   +    (boots currently unavailable)
Stlth   +.........               (no amulet)
HPRegen 0.23/turn                (no ring)
MPRegen 0.09/turn                (no ring)

@: appendages (expiring)
A: horns 2, talons 2, AC +4, unfitting armour, cold-blooded
a: End Transformation


You were in the Dungeon.
You had temporarily grown beastly horns and talons.
You visited 1 branch

Inventory:

Scrolls
 g - a scroll of blinking
Potions
 a - a potion of lignification
 b - a potion of curing
 d - a potion of haste
 e - 2 potions of magic
 f - a potion of berserk rage


   Skills:
 + Level 1.1 Fighting
 + Level 2.3 Dodging
 + Level 4.5 Unarmed Combat
 + Level 2.6 Spellcasting
 + Level 2.5 Transmutations


You had 5 spell levels left.
You knew the following spells:

 Your Spells              Type           Power      Damage    Failure   Level
a - Beastly Appendage     Tmut           16%        N/A       9%          1

Your spell library contained the following spells:

 Spells                   Type           Power      Damage    Failure   Level
 Wereblood                Tmut           8%         N/A       12%         2
 Spider Form              Tmut/Pois      5%         N/A       38%         3
 Ice Form                 Ice/Tmut       5%         N/A       80%         4


Dungeon Overview and Level Annotations

Branches:
Dungeon (1/1)

Altars:


Innate Abilities, Weirdness & Mutations

You have temporarily grown beastly horns and talons.
Your plain brown scales are hard. (AC +4)
You cannot fit into any form of body armour.
You are cold-blooded and may be slowed by cold attacks.


Message History

The shadow imp closely misses you.
You hit the shadow imp. You claw the shadow imp. You headbutt the shadow imp.
You kill the shadow imp!
The howler monkey hits you.
* * * LOW HITPOINT WARNING * * *
Your Unarmed Combat skill increases to level 4!
You have reached level 2!
Unknown command.
You feel much better. The howler monkey misses you.
You hit the howler monkey but do no damage.
The howler monkey hoots and howls with incredible vigour!
You punch the howler monkey!
Your tail-slap misses the howler monkey.
The howler monkey is heavily wounded.
The howler monkey barely misses you.
You barely miss the howler monkey. Your headbutt misses the howler monkey.
The howler monkey is heavily wounded.
The howler monkey hits you.
You barely miss the howler monkey. Your kick misses the howler monkey.
Your tail-slap misses the howler monkey.
The howler monkey is heavily wounded.
The howler monkey hits you.
You hit the howler monkey but do no damage.
The howler monkey is heavily wounded.
Your transformation is almost over.
The howler monkey hits you.
You hit the howler monkey. Your kick misses the howler monkey.
You headbutt the howler monkey.
The howler monkey is almost dead.
The howler monkey barely misses you.
You closely miss the howler monkey.
The howler monkey is almost dead.
The howler monkey hits you.
You barely miss the howler monkey. Your headbutt misses the howler monkey.
Your tail-slap misses the howler monkey.
The howler monkey is almost dead.
The howler monkey hits you!
* * * LOW HITPOINT WARNING * * *
The howler monkey hits you.
You die... ▓▓▓▓▓▓▓▓▓▓▓▓▓▓▓▓▓▓ +..OOgh@...)†...<▓ ▓▓▓▓▓▓▓▓▓▓▓▓▓▓▓▓▓▓

You could see 2 ogres, a howler monkey and a gnoll.

Vanquished Creatures
  A shadow imp (D)
  An endoplasm (D)
  A bat (D)
  2 kobolds (D)
  A rat (D)
6 creatures vanquished.

Notes
Turn   | Place    | Note
-------+----------+-------------------------------------------
     0 | D        | rocky1 the Draconian Transmuter began the quest for the
                  | Orb.
     0 | D        | Reached XP level 1. HP: 16/16 MP: 3/3
    72 | D        | Noticed an ogre
    72 | D        | Noticed an ogre
    72 | D        | Noticed a howler monkey
    77 | D        | Reached skill level 4 in Unarmed Combat
    77 | D        | Reached XP level 2. HP: 3/23 MP: 2/5
    85 | D        | HP: 1/23 [howler monkey (7)]
    85 | D        | Slain by a howler monkey

Illustrated notes

Levels and vault maps discovered:
D:        linesprint [early_d, line_temple, items_1, d_10, items_2, lair_1,
          lair_end, items_3, orc_1, orc_end, items_4, d_15, swamp_1, shoals_1,
          snake_1, spider_1, d_20, vaults_1, items_5, swamp_end, shoals_end,
          snake_end, spider_end, vaults_end, d_27, items_6, zot_1, zot_end,
          crypt_end, forest_end, elf_end, slime_end, tomb_end, abyss_end,
          pan_hell_end]

Skill      XL: |  1 |
---------------+----+-----
Dodging        | 2 |  2.3
Unarmed Combat | 4 |  4.5
Fighting       | |  1.1
Spellcasting   | |  2.6
Transmutations | |  2.5

Action                   || total
-------------------------++-------
Melee: Unarmed           ||    24
       Kick              ||     3
       Tailslap          ||     3
       Headbutt          ||     2
 Cast: Beastly Appendage ||     3
  Use: Potion            ||     1
Armor: Skin              ||     4
Dodge: Dodged            ||    10

Table legend: (Time is in decaauts)
 A = Elapsed time spent in this place.
 B = Non-inter-level travel time spent in this place.
 C = Inter-level travel time spent in this place.
 D = Time resting spent in this place.
 E = Time spent auto-exploring this place.
 F = Levels seen in this place.
 G = Mean time per level.
                   A        B        C        D        E       F      G
               +--------+--------+--------+--------+--------+-----+--------+
         Total |     83 |     83 |      0 |     47 |      0 |   1 |   83.0 |
       Dungeon |     83 |     83 |      0 |     47 |      0 |   1 |   83.0 |
               +--------+--------+--------+--------+--------+-----+--------+

Top non-repeatable levels by time:
       D: 83 daAuts
